 Dungeon Crawl Stone Soup version 0.32-a0-666-ge8a88695a4 (webtiles) character file.

Game seed: 7822610004383792192

2 Esekla the Sneak (level 1, 16/16 HPs)
             Began as an Octopode Delver on Mar 10, 2024.
             Quit the game on level 5 of the Dungeon.
             The game lasted 00:01:14 (93 turns).

Esekla the Sneak (Octopode Delver)                    Turns: 93, Time: 00:01:15

Health: 16/16      AC:  1    Str: 11    XL:     1   Next: 30%
Magic:  1/1        EV: 13    Int: 12    God:
Gold:   22         SH:  0    Dex: 13    Spells: 0/0 levels left

rFire   . . .        a - +0 falchion
rCold   . . .        (no shield)
rNeg    . . .        (helmet restricted)
rPois   .            (no amulet)
rElec   .            (no ring)
rCorr   .            (no ring)
SInv    .            (no ring)
Will    .....        (no ring)
Stlth   ++++         (no ring)
HPRegen 0.22/turn    (no ring)
MPRegen 0.07/turn    (no ring)
                     (no ring)

%: no passive effects
@: no status effects
A: almost no armour, amphibious, 8 rings, camouflage 1, gelatinous body 1,
(nimble swimmer 1), tentacles
a: no special abilities


You were on level 5 of the Dungeon.
You visited 2 branches of the dungeon, and saw 2 of its levels.

You collected 22 gold pieces.

Inventory:

Hand Weapons
 a - a +0 falchion (weapon)
Wands
 f - a wand of digging (3)
Scrolls
 b - a scroll of fog
Potions
 e - a potion of haste


   Skills:
 + Level 3.0 Fighting
 + Level 2.0 Long Blades
 + Level 2.0 Dodging
 + Level 6.7 Stealth


You couldn't memorise any spells.
You didn't know any spells.
Your spell library was empty.

Dungeon Overview and Level Annotations

Branches:
Dungeon (5/15)             Temple (1/1) D:5

Altars:
Ashenzari
Dithmenos
Elyvilon
Fedhas
Kikubaaqudgha
Makhleb
Nemelex Xobeh
Okawaru
Qazlal
Ru
Trog
Vehumet
Xom
Yredelemnul
Zin


Innate Abilities, Weirdness & Mutations

You cannot wear most types of armour.
You are amphibious.
You can wear up to eight rings at the same time.
Your skin changes colour to match your surroundings (Stealth+).
Your rubbery body absorbs attacks. (AC +1, EV +1)
((You are camouflaged when in or above water. (Stealth+)))
You have tentacles for arms and can constrict up to eight enemies at once.


Message History

Found a staircase to the Ecumenical Temple.
The iguana hisses menacingly.
There is a staircase to the Ecumenical Temple here.
You climb downwards.
Welcome to the Ecumenical Temple!
Found a staircase back to the Dungeon.
There is a staircase back to the Dungeon here.
Search for what [? for help]?
Gozag Can't find anything matching that.
Unknown command.
You climb upwards.
The iguana closely misses you.
There is a staircase to the Ecumenical Temple here.
Okay, then.
As you read the scroll of fear, it crumbles to dust.
You assume a fearsome visage.
The iguana looks frightened!
Found 6 gold pieces.
Found a robe.
Found 7 gold pieces.
An orc comes into view. It is wielding a +0 morningstar.
You see here a +0 robe.
You see here 7 gold pieces.
You now have 22 gold pieces (gained 7).
The orc barely misses you.
You hit the orc. Your grab misses the orc.
The orc is heavily wounded.
The orc barely misses you.
You hit the orc but do no damage. Your grab misses the orc.
The orc is heavily wounded.
The orc barely misses you.
You barely miss the orc. Your grab misses the orc.
The orc is heavily wounded.
The orc barely misses you. The orc hits you with a +0 morningstar.
You slash the orc!
You kill the orc!
Things that are here:
a +0 morningstar; a +0 leather armour; an orc corpse You start resting.
HP restored.
A sky beast comes into view.
Found a stormy altar of Qazlal.
Are you sure you want to abandon this character and quit the game? (Confirm with "yes".)

.......,,,,,,,#.#
*,* *
..#####******##.##
*<* * ...#### #...#
*,* * ...#### #...#
*,*** * ...####****
#.).# *,,,*
.......,,,* ###.#
**###.#,*****
...####**,*
#.####......,,,*,,
...#### *,*
#........#.#,,,*,*
...#### *,*
#@####..#...*,,*,*
...#### *,* #.#
*,#....,*,,,*
...#### *,* #.#
*,,..Y.,,,*,* ..##
*,* #.#
*,*,...,*,*,, *##
*,* #.#
*,,*,..*,,*,* * *,*
*#.# *,,,*,#,,,*,* *
*,* *..#
*,,,,,,,,,*,*
*********,** **.##
********,,*,*
**,,,,,,,,,***,,,***
*,,,,*


There were no monsters in sight!

Vanquished Creatures
  An orc (D:5)
1 creature vanquished.

Notes
Turn   | Place    | Note
-------+----------+-------------------------------------------
     0 | D:5      | Esekla the Octopode Delver began the quest for the Orb.
     0 | D:5      | Reached XP level 1. HP: 16/16 MP: 1/1
     9 | D:5      | Noticed an iguana
    23 | D:5      | Found a staircase to the Ecumenical Temple.
    30 | Temple   | Entered the Ecumenical Temple
    88 | D:5      | Found a stormy altar of Qazlal.
    88 | D:5      | Noticed a sky beast
    93 | D:5      | Quit the game

Illustrated notes

Levels and vault maps discovered:
D:5:      layout_loops_ring, nicolae_qazlal_beasts_of_the_sky,
          minmay_temple_entry_stoned_glass, gammafunk_ghost_cemetery
Temple:   eino_temple_water

Action                     || total
---------------------------++-------
  Melee: Falchion          ||     4
    Use: Scroll            ||     2
 Armour: Skin              ||     1
  Dodge: Dodged            ||     5

Table legend: (Time is in decaauts)
 A = Elapsed time spent in this place.
 B = Non-inter-level travel time spent in this place.
 C = Inter-level travel time spent in this place.
 D = Time resting spent in this place.
 E = Time spent auto-exploring this place.
 F = Levels seen in this place.
 G = Mean time per level.
                   A        B        C        D        E       F      G
               +--------+--------+--------+--------+--------+-----+--------+
         Total |     94 |     94 |      0 |     22 |      0 |   2 |   47.0 |
       Dungeon |     92 |     92 |      0 |     22 |      0 |   1 |   92.0 |
        Temple |      1 |      1 |      0 |      0 |      0 |   1 |    1.0 |
               +--------+--------+--------+--------+--------+-----+--------+

Top non-repeatable levels by time:
     D:5: 92 daAuts
  Temple: 1 daAuts
